AoeStats
← 忍者龜頭在痛

Black Forest

507485018Analyzed
4v4 RM · 13d ago on Sep 18, 2026· 78m 26s· 8 players
Game mode
Random Map
Map size
Large (8 player)
Population
200
Speed
Normal
Resources
Standard
Victory
Conquest
Starting age
Dark Age
Ending age
Imperial Age
RankedLock teamsTeams togetherTeam positionsShared explorationLock speedFull tech treeHidden civsTurbo modeCheats
Victory
Defeat
🇨🇳 Teutons · China
753
+47
🇨🇳 Byzantines · China
729
+20
🇨🇳 Mongols · China
725
+20
🇨🇳 Persians · China
720
+20
🇹🇼 Turks · Taiwan
900
-24
🇩🇪 Shu · Germany
811
-20
🇨🇳 Burmese · China
774
-18
🇹🇼 Franks · Taiwan
757
-17
FLAME-99
1:05 Loom
11:30 Feudal Age
17:05 Castle Age
17:18 Double-Bit Axe
21:21 Bow Saw
24:32 Wheelbarrow
25:20 Gold Mining
30:52 Horse Collar
31:33 Hand Cart
34:55 Imperial Age
35:05 Imperial Age
32:30 Fletching
35:28 Heavy Camel Rider
38:11 Bloodlines
38:01 Husbandry
39:01 Scale Barding Armor
39:07 Forging
39:20 Artillery
39:40 Conscription
41:29 Gold Shaft Mining
41:25 Chain Barding Armor
41:41 Iron Casting
41:32 Caravan
42:02 Coinage
41:36 Heavy Plow
55:08 Parthian Tactics
54:04 Heavy Cavalry Archer
55:00 Bodkin Arrow
55:05 Padded Archer Armor
56:06 Blast Furnace
55:42 Plate Barding Armor
56:07 Thumb Ring
56:49 Ballistics
56:14 Treadmill Crane
57:42 Sipahi
VC
0:31 Loom
15:41 Feudal Age
16:19 Double-Bit Axe
17:28 Wheelbarrow
20:11 Fletching
22:57 Castle Age
21:01 Stone Mining
21:03 Gold Mining
21:34 Horse Collar
22:39 Gold Mining
25:21 Bow Saw
32:25 Fortified Wall
33:06 Gold Shaft Mining
33:14 Coiled Serpent Array
33:47 Masonry
33:49 Forging
33:46 Scale Barding Armor
33:37 Bodkin Arrow
37:32 Imperial Age
35:24 Hand Cart
35:23 Town Watch
35:49 Caravan
36:10 Squires
36:32 Scale Mail Armor
36:55 Ballistics
36:43 Pikeman
37:38 Heavy Plow
38:33 Chain Mail Armor
38:56 Bracer
39:42 Conscription
39:58 Hoardings
39:42 Thumb Ring
40:37 Plate Mail Armor
41:23 Chemistry
40:55 Architecture
42:37 Chain Barding Armor
42:05 Arrowslits
42:28 Siege Engineers
41:47 Halberdier
41:52 Elite Skirmisher
43:30 Bolt Magazine
47:31 Plate Barding Armor
46:56 Padded Archer Armor
47:33 Elite White Feather Guard
51:49 Two-Man Saw
51:08 Leather Archer Armor
50:40 Arrowslits
57:59 Ring Archer Armor
57:26 Murder Holes
68:20 Guard Tower
68:41 Careening
70:57 Guilds
忍者龜頭在痛
15:41 Feudal Age
20:10 Castle Age
25:21 Gold Mining
25:24 Double-Bit Axe
33:49 Scale Barding Armor
34:57 Husbandry
35:12 Caravan
35:36 Chain Barding Armor
38:35 Imperial Age
38:00 Loom
40:10 Cavalier
41:36 Paladin
58:04 Chemistry
57:24 Ballistics
57:43 Plate Barding Armor
56:42 Light Cavalry
62:52 Pikeman
63:32 Squires
63:34 Halberdier
65:53 Forging
65:44 Scale Mail Armor
68:05 Iron Casting
67:46 Chain Mail Armor
Noob.
0:47 Loom
18:53 Feudal Age
20:36 Man-at-Arms
21:16 Horse Collar
22:01 Arson
23:59 Forging
23:51 Scale Mail Armor
31:55 Castle Age
30:50 Gold Mining
31:43 Scale Barding Armor
33:22 Iron Casting
33:08 Chain Barding Armor
33:06 Chain Mail Armor
33:57 Bloodlines
33:47 Husbandry
33:56 Husbandry
34:23 Heavy Plow
34:42 Squires
34:30 Pikeman
43:01 Imperial Age
44:32 Halberdier
45:51 Conscription
47:18 Blast Furnace
47:30 Plate Mail Armor
50:54 Long Swordsman
51:20 Gambesons
51:28 Two-Handed Swordsman
58:33 Crop Rotation
58:56 Caravan
76561199147772325
12:35 Feudal Age
13:48 Horse Collar
16:21 Double-Bit Axe
19:31 Castle Age
19:28 Stone Mining
21:22 Heavy Plow
21:15 Loom
27:18 Gold Mining
28:41 Wheelbarrow
28:35 Bow Saw
29:51 Gold Shaft Mining
30:45 Padded Archer Armor
30:36 Fletching
33:15 Hand Cart
35:37 Imperial Age
34:38 Stone Shaft Mining
35:15 Nomads
35:56 Husbandry
36:07 Bloodlines
35:35 Light Cavalry
35:48 Elite Steppe Lancer
36:56 Conscription
37:02 Drill
37:57 Chemistry
36:53 Murder Holes
37:37 Forging
37:43 Leather Archer Armor
37:23 Bodkin Arrow
37:29 Scale Mail Armor
37:38 Scale Barding Armor
38:57 Elite Mangudai
41:35 Chain Barding Armor
41:51 Iron Casting
41:17 Bracer
42:46 Parthian Tactics
42:31 Thumb Ring
42:51 Ballistics
46:22 Onager
55:21 Hoardings
Blues
17:52 Feudal Age
18:28 Horse Collar
30:57 Castle Age
34:54 Wheelbarrow
36:09 Squires
35:30 Pikeman
37:26 Stone Mining
37:27 Gold Mining
37:44 Heavy Plow
37:34 Double-Bit Axe
39:40 Hand Cart
41:17 Forging
41:13 Scale Barding Armor
41:11 Scale Mail Armor
46:25 Imperial Age
44:35 Gold Shaft Mining
44:36 Stone Shaft Mining
47:30 Iron Casting
47:16 Chain Barding Armor
47:15 Chain Mail Armor
49:26 Halberdier
50:31 Logistica
52:24 Chain Barding Armor
52:35 Plate Mail Armor
54:14 Plate Barding Armor
53:05 Elite Cataphract
63:01 Husbandry
63:35 Ballistics
64:15 Chemistry
62:58 Treadmill Crane
信五百零一号ミ
16:45 Feudal Age
20:42 Loom
21:53 Double-Bit Axe
22:10 Horse Collar
26:01 Gold Mining
28:39 Castle Age
27:30 Forging
27:57 Stone Mining
30:03 Stone Shaft Mining
29:39 Scale Mail Armor
31:01 Bow Saw
32:52 Iron Casting
34:34 Heavy Plow
34:24 Town Watch
36:37 Wheelbarrow
36:23 Fortified Wall
36:38 Chain Mail Armor
37:28 Scale Barding Armor
40:39 Imperial Age
39:44 Chain Barding Armor
40:15 Hand Cart
42:30 Siege Engineers
43:37 Blast Furnace
44:34 Two-Man Saw
44:49 Elite Teutonic Knight
47:21 Cavalier
48:13 Bloodlines
48:40 Elite Skirmisher
51:39 Plate Barding Armor
51:00 Paladin
53:23 Padded Archer Armor
53:15 Fletching
56:53 Town Patrol
58:01 Chemistry
57:36 Plate Mail Armor
57:22 Leather Archer Armor
57:02 Bodkin Arrow
60:47 Ironclad
60:00 Sappers
60:53 Conscription
61:03 Conscription
62:37 Onager
65:09 Crossbowman
67:55 Siege Onager
70:53 Hoardings
70:45 Ballistics
70:16 Heated Shot
70:37 Masonry
70:50 Bombard Tower
74:14 Ring Archer Armor
73:39 Guard Tower
73:37 Arrowslits
冷冷的风
11:39 Feudal Age
12:55 Wheelbarrow
12:02 Horse Collar
12:11 Double-Bit Axe
18:31 Castle Age
20:37 Bow Saw
20:58 Heavy Plow
22:54 Hand Cart
23:03 Stone Mining
23:03 Gold Mining
24:55 Stone Shaft Mining
24:56 Gold Shaft Mining
25:03 Gold Shaft Mining
26:17 Caravan
27:57 Forging
27:52 Scale Barding Armor
28:22 Loom
32:35 Iron Casting
32:21 Chain Barding Armor
33:39 Husbandry
33:49 Bloodlines
37:56 Imperial Age
38:36 Conscription
37:37 Elite War Elephant
39:57 Blast Furnace
39:33 Plate Barding Armor
47:12 Crop Rotation
47:57 Two-Man Saw
49:52 Cavalier
76:59 Spies/Treason
Connection lost

Rejoining the realm…

Still unreachable

The connection could not be restored.

Session expired

The server has moved on; the page needs a fresh start.